AoeStats
← 739697286

Black Forest

506619134Analyzed
4v4 RM · 20d ago on Sep 14, 2026· 41m 32s· 8 players
Game mode
Random Map
Map size
Large (8 player)
Population
200
Speed
Normal
Resources
Standard
Victory
Conquest
Starting age
Dark Age
Ending age
Imperial Age
RankedLock teamsTeams togetherTeam positionsShared explorationLock speedFull tech treeHidden civsTurbo modeCheats
Victory
Defeat
🇨🇳 Persians · China
1399
+15
🇨🇳 Maya · China
1399
+15
🇦🇺 Ethiopians · Australia
1392
+16
🇦🇺 Britons · Australia
1385
+16
🇬🇧 Cumans · United Kingdom
1452
-18
🇫🇮 Mongols · Finland
1403
-16
🇩🇪 Bohemians · Germany
1340
-14
🇨🇳 Huns · China
1339
-14
SpawnShark
0:49 Loom
12:29 Feudal Age
12:55 Man-at-Arms
14:01 Double-Bit Axe
14:28 Horse Collar
20:33 Fletching
22:54 Arson
27:28 Castle Age
25:47 Gold Mining
29:09 Bow Saw
29:55 Scale Mail Armor
40:44 Imperial Age
38:00 Town Watch
39:14 Forging
40:23 Squires
40:48 Masonry
40:56 Chain Mail Armor
41:17 Iron Casting
41:16 Sanctity
41:09 Elite Shotel Warrior
あおぞら ひかり
0:28 Loom
13:03 Feudal Age
14:01 Double-Bit Axe
16:00 Fletching
15:57 Horse Collar
19:46 Castle Age
20:46 Bow Saw
23:36 Town Watch
25:38 Wheelbarrow
31:18 Pikeman
31:59 Scale Mail Armor
32:10 Forging
35:17 Imperial Age
33:42 Chain Mail Armor
34:55 Iron Casting
35:36 Squires
35:58 Halberdier
40:23 Eagle Warrior
42:06 Conscription
Hemsy124
6:00 Loom
11:45 Feudal Age
15:32 Castle Age
13:25 Double-Bit Axe
13:21 Horse Collar
16:57 Bow Saw
16:48 Heavy Plow
21:52 Wheelbarrow
23:30 Hand Cart
23:36 Hand Cart
24:20 Gold Mining
28:48 Imperial Age
26:48 Ballistics
26:20 Fletching
26:30 Padded Archer Armor
27:35 Bodkin Arrow
27:56 Leather Archer Armor
27:41 Murder Holes
28:47 Town Watch
28:53 Elite Longbowman
29:54 Conscription
29:37 Scale Mail Armor
30:10 Ring Archer Armor
29:41 Bracer
30:46 Chemistry
31:16 Yeomen
32:45 Siege Engineers
34:39 Warwolf
37:00 Guilds
41:29 Hoardings
41:55 Guard Tower
42:19 Fortified Wall
42:20 Masonry
739697286
9:14 Loom
11:59 Feudal Age
16:12 Castle Age
14:26 Double-Bit Axe
14:23 Horse Collar
17:00 Bow Saw
18:31 Heavy Plow
21:26 Gold Mining
24:20 Wheelbarrow
25:01 Gold Mining
30:16 Imperial Age
28:55 Hand Cart
28:38 Stone Mining
29:55 Gold Shaft Mining
29:56 Stone Shaft Mining
30:02 Fletching
30:22 Forging
30:13 Scale Mail Armor
30:18 Scale Barding Armor
30:14 Padded Archer Armor
31:53 Crop Rotation
32:25 Two-Man Saw
30:50 Capped Ram
32:24 Iron Casting
32:02 Cavalier
32:53 Bloodlines
32:44 Husbandry
32:54 Bloodlines
32:44 Husbandry
33:05 Chain Barding Armor
32:43 Bodkin Arrow
32:57 Town Watch
33:31 Leather Archer Armor
33:26 Savar
36:00 Conscription
37:18 Plate Barding Armor
37:43 Blast Furnace
37:14 Light Cavalry
40:04 Coinage
Doris
12:20 Feudal Age
11:51 Loom
16:16 Castle Age
15:39 Horse Collar
15:45 Double-Bit Axe
18:01 Bow Saw
25:03 Wheelbarrow
24:15 Town Watch
25:44 Heavy Plow
27:50 Hand Cart
32:52 Fletching
35:34 Imperial Age
33:10 Husbandry
33:23 Forging
33:19 Scale Barding Armor
34:02 Bodkin Arrow
35:14 Chemistry
35:01 Wagenburg Tactics
35:17 Scale Mail Armor
35:52 Iron Casting
36:15 Masonry
36:19 Fortified Wall
35:53 Treadmill Crane
36:25 Siege Engineers
36:42 Ballistics
36:32 Fortified Wall
35:54 Houfnice
37:24 Pikeman
38:05 Squires
37:50 Arson
38:54 Halberdier
39:47 Bracer
40:03 Chain Mail Armor
40:15 Guilds
40:35 Coinage
40:07 Caravan
41:16 Chain Barding Armor
42:00 Blast Furnace
41:15 Chain Mail Armor
41:21 Chain Barding Armor
7777777
0:30 Loom
11:14 Feudal Age
11:58 Double-Bit Axe
26:33 Horse Collar
29:00 Castle Age
26:59 Gold Mining
27:19 Stone Mining
JN-
8:56 Feudal Age
9:28 Double-Bit Axe
10:31 Horse Collar
13:12 Loom
16:02 Wheelbarrow
19:58 Castle Age
19:47 Gold Mining
20:05 Scale Barding Armor
21:22 Bow Saw
21:16 Heavy Plow
22:26 Hand Cart
25:01 Gold Shaft Mining
24:17 Stone Mining
26:05 Coinage
26:28 Chain Barding Armor
26:19 Bloodlines
28:52 Imperial Age
27:19 Chain Barding Armor
27:47 Forging
27:57 Bloodlines
28:53 Onager
28:56 Cavalier
30:37 Plate Barding Armor
31:26 Iron Casting
31:40 Capped Ram
33:40 Blast Furnace
33:02 Devotion
34:35 Two-Man Saw
33:05 Siege Ram
33:46 Fletching
34:29 Banking
33:42 Light Cavalry
34:34 Caravan
35:23 Guilds
37:07 Crop Rotation
36:30 Paladin
40:02 Conscription
12014665
0:45 Loom
11:05 Feudal Age
11:06 Man-at-Arms
13:28 Horse Collar
21:04 Castle Age
19:16 Double-Bit Axe
19:46 Fletching
21:22 Wheelbarrow
22:06 Bow Saw
22:41 Heavy Plow
26:43 Gold Mining
28:05 Gold Shaft Mining
32:22 Imperial Age
31:23 Bodkin Arrow
31:56 Padded Archer Armor
32:04 Stone Mining
33:45 Hand Cart
34:49 Two-Man Saw
34:04 Bracer
34:49 Conscription
34:48 Heavy Cavalry Archer
34:51 Crossbowman
35:57 Parthian Tactics
34:56 Elite Skirmisher
37:26 Chemistry
38:32 Capped Ram
40:35 Ballistics
Connection lost

Rejoining the realm…

Still unreachable

The connection could not be restored.

Session expired

The server has moved on; the page needs a fresh start.